 Dungeon Crawl Stone Soup version 0.23-a0-402-g64599a1 (console) character file.

19 bli the Insei (level 2, 0/18 HPs)
             Began as an Octopode Transmuter on Nov 4, 2018.
             Slain by a rat (3 damage)
             ... on level 1 of the Dungeon.
             The game lasted 00:01:46 (644 turns).

bli the Insei (Octopode Transmuter)                  Turns: 644, Time: 00:01:48

Health: 0/18       AC:  1    Str:  9    XL:     2   Next: 75%
Magic:  5/5        EV: 13    Int: 15    God:
Gold:   29         SH:  0    Dex: 12    Spells: 4/5 levels left

rFire    . . .     SeeInvis .     - Unarmed
rCold    . . .     Gourm    .   (no shield)
rNeg     . . .     Faith    .   (helmet restricted)
rPois    .         Spirit   .   (no amulet)
rElec    .         Reflect  .   (no ring)
rCorr    .         Harm     .   (no ring)
MR       .....                  (no ring)
Stlth    ++........             (no ring)
HPRegen  0.06/turn              (no ring)
MPRegen  0.09/turn              (no ring)
                                (no ring)
                                (no ring)

@: appendage (expiring)
A: almost no armour, stealthy swim, amphibious, 8 rings, constrict 8, tentacle
spike 3, camouflage 1, gelatinous body 1
a: End Transformation


You were on level 1 of the Dungeon.
You were not hungry.
One of your tentacles had a temporary spike.
You visited 1 branch of the dungeon, and saw 1 of its levels.

You collected 29 gold pieces.

Inventory:

Missiles
 a - 12 arrows
Scrolls
 d - a scroll of fear {unknown}
 e - 2 scrolls of identify {unknown}
 g - a scroll of teleportation {unknown}
 i - a scroll of remove curse {unknown}
Potions
 f - 2 potions of invisibility {unknown}
 h - a potion of curing {unknown}
Comestibles
 b - 4 chunks of flesh
 c - a ration


   Skills:
 - Level 1.0 Fighting
 - Level 2.0 Dodging
 * Level 3.9 Unarmed Combat
 - Level 2.0 Spellcasting
 - Level 2.0 Transmutations


You had 4 spell levels left.
You knew the following spells:

 Your Spells              Type           Power        Failure   Level  Hunger
a - Beastly Appendage     Tmut           #.....       10%         1    #......

Your spell library contained the following spells:

 Spells                   Type           Power        Failure   Level  Hunger
 Sticks to Snakes         Tmut           #.......     14%         2    ###....
 Spider Form              Tmut/Pois      #.........   41%         3    ###....
 Ice Form                 Ice/Tmut       #.......     82%         4    #####..
 Blade Hands              Tmut           #.........   95%         5    ######.


Dungeon Overview and Level Annotations

Branches:
Dungeon (1/15)

Altars:


Innate Abilities, Weirdness & Mutations

You cannot wear most types of armour.
You are very stealthy in the water. (Stealth+)
You are amphibious.
You can wear up to eight rings at the same time.
You can use your tentacles to constrict eight enemies at once.
Your skin changes colour to match your surroundings (Stealth+).
Your rubbery body absorbs attacks. (AC +1, EV +1)
One of your tentacles bears a large vicious spike.


Message History

The stone barely misses you.
The kobold hits you with a +5 dagger of holy wrath.
* * * LOW HITPOINT WARNING * * *
You tentacle-slap the kobold but do no damage.
Your grab misses the kobold.
Your tentacle spike misses the kobold.
You squeeze The kobold is severely wounded.
The kobold throws a stone.
The stone hits you.
* * * LOW HITPOINT WARNING * * *
The kobold barely misses you.
You closely miss the kobold. Your grab misses the kobold.
You pierce the You kill the kobold!
You bludgeon the kobold!
You kill the kobold!
Your transformation is almost over.
The kobold throws a stone.
The stone hits you.
* * * LOW HITPOINT WARNING * * *
Things that are here:
a +0 dagger; a +5 dagger of holy wrath You closely miss the rat.
Your grab misses the rat. The rat bites you.
You die...

##.#
##.####............#
...# #..#
#............# ####
##.###............#
#####..###'###########
#..........#
#..........#
#..........#
#..........#
#..........#
#..........#
#......(@..# .
#########r.###....
#.......(.......
#.......†..?....
#.........K.....
#.......>.......
#.....r......[..
#..............)
#...............
...............


You could see a kobold and a rat.

Vanquished Creatures
  2 dart slugs (D:1)
  A ball python (D:1)
  2 bats (D:1)
  A goblin (D:1)
  3 hobgoblins (D:1)
  2 kobolds (D:1)
  4 rats (D:1)
15 creatures vanquished.

Notes
Turn   | Place    | Note
-------+----------+-------------------------------------------
     0 | D:1      | bli the Octopode Transmuter began the quest for the Orb.
     0 | D:1      | Reached XP level 1. HP: 13/13 MP: 3/3
   175 | D:1      | Noticed a polar bear
   175 | D:1      | Noticed an anaconda
   175 | D:1      | Noticed a rime drake
   237 | D:1      | Reached XP level 2. HP: 7/18 MP: 3/5
   644 | D:1      | Slain by a rat

Vault maps used:
D:1:      onia_arrival_zoo_common

Action                   || total
-------------------------++-------
Melee: Unarmed           ||    40
       Constrict         ||     9
       Kick              ||     3
       Tentacles         ||     1
 Cast: Beastly Appendage ||     4
 Stab: Sleeping          ||     2
Armor: Skin              ||     1
Dodge: Dodged            ||    28

Table legend:
 A = Non-vault XP
 B = Vault XP
 C = Vault XP percentage of total XP
 D = Non-vault monster count
 E = Vault monster count
 F = Vault count percentage of total count
                 A         B        C        D         E       F
            +---------+---------+-------+---------+---------+-------
      Total |      28 |       0 |   0.0 |      15 |       0 |   0.0
            +---------+---------+-------+---------+---------+-------
        D:1 |      28 |       0 |   0.0 |      15 |       0 |   0.0
            +---------+---------+-------+---------+---------+-------
